 Dungeon Crawl Stone Soup version 0.31-a0-325-g067879e3d3 (webtiles) character file.

Game seed: 3975117684285429322

67 IndexError the Ruffian (level 4, -1/33 HPs)
             Began as a Merfolk Shapeshifter on July 18, 2023.
             Killed from afar by Grinder (7 damage)
             ... with a puff of flame
             ... on level 3 of the Dungeon.
             The game lasted 00:02:03 (1498 turns).

IndexError the Ruffian (Merfolk Shapeshifter)       Turns: 1498, Time: 00:02:04

Health: -1/33      AC:  2    Str: 23    XL:     4   Next: 18%
Magic:  4/4        EV: 12    Int:  7    God:
Gold:   143        SH:  0    Dex: 14    Spells: 3/3 levels left

rFire   . . .        j - +1 whip (elec)
rCold   . . .        (no shield)
rNeg    . . .        a - +0 animal skin
rPois   .            (helmet currently unavailable)
rElec   .            (cloak currently unavailable)
rCorr   .            (gloves currently unavailable)
SInv    .            (boots currently unavailable)
Will    .....        (no amulet)
Stlth   +            r - +6 ring of strength
HPRegen 0.25/turn    (no ring)
MPRegen 0.09/turn

%: no passive effects
@: beast-form
A: beast (slay +2), (nimble swimmer 2), mertail
a: Begin Untransformation


You were on level 3 of the Dungeon.
You were a hulking beast.
You visited 1 branch of the dungeon, and saw 3 of its levels.

You collected 143 gold pieces.

Inventory:

Hand Weapons
 j - a +1 whip of electrocution (weapon)
   (You took it off a kobold on level 1 of the Dungeon)
Missiles
 e - 2 datura-tipped darts
Armour
 a - a +0 animal skin (worn)
Jewellery
 r - a +6 ring of strength (left hand)
   (You found it on level 2 of the Dungeon)
Talismans
 c - a beast talisman
Scrolls
 g - 3 scrolls of identify {unknown}
 h - a scroll of revelation {unknown}
 i - a scroll of poison {unknown}
 n - a scroll of vulnerability {unknown}
 o - a scroll of butterflies {unknown}
 p - a scroll of enchant armour {unknown}
Potions
 b - a potion of lignification {!q}
 d - 3 potions of attraction {unknown}
 f - a potion of cancellation {unknown}
 k - a potion of might {unknown}
 l - a potion of mutation {unknown}
 m - a potion of haste {unknown}
 q - a potion of curing {unknown}


   Skills:
 - Level 2.1 Fighting
 - Level 2.6 Dodging
 + Level 4.8 Unarmed Combat
 - Level 4.0 Shapeshifting


You had 3 spell levels left.
You didn't know any spells.
Your spell library contained the following spells:

 Spells                   Type           Power      Damage    Failure   Level
 Kiss of Death            Conj/Necr      0%         2d5       43%         1
 Ensorcelled Hibernation  Hex/Ice        0%         N/A       56%         2
 Passwall                 Tmut/Erth      0%         N/A       56%         2
 Confusing Touch          Hex            0%         N/A       80%         3
 Swiftness                Air            0%         N/A       80%         3
 Dispel Undead            Necr           0%         3d6       99%         4


Dungeon Overview and Level Annotations

Branches:
Dungeon (3/15)

Altars:

Shops:
D:2 :

Annotations:
D:3 Grinder


Innate Abilities, Weirdness & Mutations

You are a hulking beast.
Your limbs bulge with bestial killing power. (Slay +2)
((You are very nimble when in or above water. (Stealth+, EV+, Speed+++)))
Your lower body shifts to a powerful aquatic tail in water.


Message History

The goblin shouts!
A goblin is nearby!
A goblin is nearby!
The goblin closely misses you.
You hit the goblin.
No target in view!
No target in view!
You now have 64 gold pieces (gained 12).
m - a brown potion
n - a scroll labelled ENEUZX TOIXET
d - 2 pink potions (gained 1)
o - a scroll labelled COWICS ILERI A goblin comes into view.
It is wielding a +0 dagger.
The goblin shouts!
The goblin hits you with a +0 dagger.
You take 3 damage, and have 30/33 hp.
You barely miss the goblin. The goblin hits you with a +0 dagger.
You take 3 damage, and have 27/33 hp.
You barely miss the goblin. The goblin hits you with a +0 dagger.
You take 1 damage, and have 26/33 hp.
You hit the goblin. Lightning courses through the goblin!!
No target in view!
No target in view!
HP restored.
You see here a +1 trident of pain.
Health restored: 33 You now have 79 gold pieces (gained 15).
p - a scroll labelled LILIX FEACHEF You now have 95 gold pieces (gained 16).
You see here a +0 robe.
A hobgoblin comes into view.
A hobgoblin is nearby!
A hobgoblin is nearby!
You completely miss the hobgoblin. The hobgoblin hits you.
You take 4 damage, and have 29/33 hp.
You hit the hobgoblin but do no damage. The hobgoblin hits you.
You take 4 damage, and have 25/33 hp.
You barely miss the hobgoblin. The hobgoblin barely misses you.
You hit the hobgoblin. The hobgoblin barely misses you.
You whack the hobgoblin!
No target in view!
You now have 112 gold pieces (gained 17).
You see here a hobgoblin corpse.
q - a lumpy purple potion You now have 125 gold pieces (gained 13).
Health restored: 33 You now have 133 gold pieces (gained 8).
r - a +6 ring of strength
d - 3 pink potions (gained 1)
You now have 143 gold pieces (gained 10).
A bat comes into view.
The bat hits you.
You take 1 damage, and have 32/33 hp.
The bat barely misses you. The bat completely misses you.
You miss the bat. The bat hits you. The bat completely misses you.
You take 1 damage, and have 31/33 hp.
You whack the bat!
No target in view!
No target in view!
You feel stronger.
r - a +6 ring of strength (left hand)
Found a stone staircase leading down.
Health restored: 33
Found Goc Ogol's Vocational Training.
There is a fountain of clear blue water here.
There is an entrance to Goc Ogol's Vocational Training here.
Things that are here:
a +0 robe; a +0 dagger You see here a +0 sling.
Things that are here:
a +0 robe; a +0 dagger You see here a +0 robe.
Done exploring.
Done exploring.
Done exploring.
Done exploring.
There is a stone staircase leading down here.
You climb downwards.
Grinder shouts!
There is a stone staircase leading up here.
The quokka closely misses you.
You hit the quokka. The quokka bites you.
Grinder zaps a wand.
The puff of flame hits you!
You take 10 damage, and have 23/33 hp.
MASSIVE DAMAGE!!
You completely miss the quokka. The quokka barely misses you.
Grinder gestures at you. You resist with significant effort.
You hit the quokka. Grinder hits you.
You writhe in agony.
You take 7 damage, and have 17/33 hp.
MASSIVE DAMAGE!!
You hit Grinder. Lightning courses through Grinder!
Grinder zaps a wand.
The puff of flame misses you.
You barely miss Grinder. Your punch misses Grinder. Grinder hits you!
* * * LOW HITPOINT WARNING * * *
You writhe in agony.
* * * LOW HITPOINT WARNING * * *
You take 11 damage, and have 6/33 hp.
MASSIVE DAMAGE!!
You hit Grinder.
Grinder zaps a wand.
The puff of flame hits you!
You die...

# #####.##
##.
####.......
#...#......#
#..$..<..#
#....h...#
###..5.......
#...........#
#(##.#...####
.?. #.#...#
#.# #.#...#
.. #######


You could see Grinder.

Vanquished Creatures
  Jessica (D:2)
  4 bats
  2 endoplasms (D:1)
  3 giant cockroaches (D:1)
  7 goblins
  2 hobgoblins
  4 kobolds
  4 quokkas
  8 ball pythons
  2 rats (D:1)
37 creatures vanquished.

Notes
Turn   | Place    | Note
-------+----------+-------------------------------------------
     0 | D:1      | IndexError the Merfolk Shapeshifter began the quest for the
                  | Orb.
     0 | D:1      | Reached XP level 1. HP: 16/16 MP: 1/1
   185 | D:1      | Reached XP level 2. HP: 18/22 MP: 2/2
   191 | D:1      | Reached skill level 3 in Unarmed Combat
   536 | D:1      | Reached XP level 3. HP: 27/27 MP: 3/3
   812 | D:1      | Reached skill level 4 in Unarmed Combat
   877 | D:2      | Noticed Jessica
   882 | D:2      | Killed Jessica
   883 | D:2      | Reached XP level 4. HP: 15/33 MP: 4/4
  1315 | D:2      | Found Goc Ogol's Vocational Training.
  1490 | D:3      | Noticed Grinder
  1497 | D:3      | HP: 8/33 [Grinder (10)]
  1498 | D:3      | Killed from afar by Grinder

Illustrated notes

Levels and vault maps discovered:
D:1:      dpeg_arrival_rooms_with_view, layout_loops_ring,
          amcnicky_mini_corridor_feature
D:2:      layout_rooms, nicolae_shop_vocational, uniq_jessica
D:3:      minmay_octagon_keep, layout_loops_ring,
          nicolae_uskayaw_murder_on_the_dancefloor,
          nicolae_qazlal_style_of_elements, uniq_pargi, uniq_crazy_yiuf_cottage,
          uniq_grinder, uniq_sigmund

Skill      XL: |  1  2  3 |
---------------+----------+-----
Unarmed Combat | 3 4 |  4.8
Fighting       | |  2.1
Dodging        | |  2.6
Shapeshifting  | |  4.0

Action                     |  1- 3 |  4- 6 || total
---------------------------+-------+-------++-------
  Melee: Unarmed           |    51 |       ||    51
         Dagger            |    26 |       ||    26
         Whip              |     3 |    22 ||    25
   Stab: Sleeping          |       |     1 ||     1
 Armour: Animal skin       |     9 |       ||     9
  Dodge: Dodged            |    55 |    10 ||    65

Table legend: (Time is in decaauts)
 A = Elapsed time spent in this place.
 B = Non-inter-level travel time spent in this place.
 C = Inter-level travel time spent in this place.
 D = Time resting spent in this place.
 E = Time spent auto-exploring this place.
 F = Levels seen in this place.
 G = Mean time per level.
                   A        B        C        D        E       F      G
               +--------+--------+--------+--------+--------+-----+--------+
         Total |   1493 |   1351 |    142 |      0 |   1101 |   3 |  497.7 |
       Dungeon |   1493 |   1351 |    142 |      0 |   1101 |   3 |  497.7 |
               +--------+--------+--------+--------+--------+-----+--------+

Top non-repeatable levels by time:
     D:1: 1032 daAuts
     D:2: 452 daAuts
     D:3: 8 daAuts

Levels and vault maps discovered:
D:1:      dpeg_arrival_rooms_with_view, layout_loops_ring,
          amcnicky_mini_corridor_feature
D:2:      layout_rooms, nicolae_shop_vocational, uniq_jessica
D:3:      minmay_octagon_keep, layout_loops_ring,
          nicolae_uskayaw_murder_on_the_dancefloor,
          nicolae_qazlal_style_of_elements, uniq_pargi, uniq_crazy_yiuf_cottage,
          uniq_grinder, uniq_sigmund

Table legend: (Time is in decaauts)
 A = Elapsed time spent in this place.
 B = Non-inter-level travel time spent in this place.
 C = Inter-level travel time spent in this place.
 D = Time resting spent in this place.
 E = Time spent auto-exploring this place.
 F = Levels seen in this place.
 G = Mean time per level.
                   A        B        C        D        E       F      G
               +--------+--------+--------+--------+--------+-----+--------+
         Total |   1493 |   1351 |    142 |      0 |   1101 |   3 |  497.7 |
       Dungeon |   1493 |   1351 |    142 |      0 |   1101 |   3 |  497.7 |
               +--------+--------+--------+--------+--------+-----+--------+

Top non-repeatable levels by time:
     D:1: 1032 daAuts
     D:2: 452 daAuts
     D:3: 8 daAuts

Table legend:
 A = Kills in this place as a percentage of kills in the entire game.
 B = Kills by you in this place as a percentage of kills by you in the entire game.
 C = Kills by friends in this place as a percentage of kills by friends in the entire game.
 D = Other kills in this place as a percentage of other kills in the entire game.
 E = Experience gained in this place as a percentage of experience gained in the entire game.
 F = Experience gained in this place divided by the number of levels of this place that you have seen.
                   A       B       C       D       E      F
               +-------+-------+-------+-------+-------+----------------------
         Total | 100.0 | 100.0 |   N/A |   N/A | 100.0 |  32.3
       Dungeon | 100.0 | 100.0 |   N/A |   N/A | 100.0 |  32.3
               +-------+-------+-------+-------+-------+----------------------
